 Dungeon Crawl Stone Soup version 0.17-a0-2208-ge5ab1d3 (webtiles) character file.

258020 patman the Gelid (level 19, 0/106 HPs)
             Began as a Deep Elf Ice Elementalist on Oct 14, 2015.
             Was an Elder of Cheibriados.
             Slain by a merfolk
             ... wielding a +0 trident
              (11 damage)
             ... on level 4 of the Shoals on Oct 26, 2015.
             The game lasted 03:56:49 (56614 turns).

patman the Gelid (Deep Elf Ice Elementalist)       Turns: 56614, Time: 03:56:49

Health: 0/106      AC: 29    Str: 14    XL:     19   Next: 11%
Magic:  8/38       EV: 33    Int: 43    God:    Cheibriados [****..]
Gold:   2297       SH:  0    Dex: 24    Spells: 9 memorised, 8 levels left

rFire  . . .     SeeInvis .     b - +11 war axe of Income {elec, rC+}
rCold  + . .     Clarity  +     G - +2 robe {MR+}
rNeg   . . .     SustAt   .     (no shield)
rPois  +         Gourm    .     L - +2 helmet {Int+3}
rElec  .         Spirit   .     V - +2 cloak
rCorr  .         Warding  .     A - +2 pair of gloves
rMut   .         Stasis   .     W - +2 pair of boots
MR     ++...                    (no amulet)
Stlth  +++.......               S - ring of poison resistance
                                z - +4 ring of evasion

@: icy armour, repel missiles, very slow, very resistant to hostile
enchantments, fairly stealthy
A: clarity, clever 1
a: Bend Time, Temporal Distortion, Slouch, Renounce Religion
}: 2/15 runes: barnacled, gossamer


You were on level 4 of the Shoals.
You worshipped Cheibriados.
Cheibriados was greatly pleased with you.
You were not hungry.

You visited 6 branches of the dungeon, and saw 36 of its levels.
You also visited: Sewer and Ice Cave.

You collected 3969 gold pieces.
You spent 1672 gold pieces at shops.

Inventory:

Hand Weapons
 b - the +11 war axe of Income (weapon) {elec, rC+}
   (You found it on level 7 of the Lair of Beasts)

   Occasionally, upon striking a foe, it will discharge some electrical energy
   and cause terrible harm.
   It protects you from cold.
 y - the +5 great sword of the Eternal Warrior {slice, rElec Int+4 Dex-2}
   (You bought it in a shop on level 4 of the Orcish Mines)

   It inflicts extra damage upon your enemies.
   It affects your intelligence (+4).
   It affects your dexterity (-2).
   It insulates you from electricity.
 Y - the +5 great sword of the Undead {flame, *Noise rC+++ rN+ Int+2}
   (You bought it in a shop on level 4 of the Orcish Mines)

   It has been specially enchanted to burn those struck by it, causing extra
   injury to most foes and up to half again as much damage against particularly
   susceptible opponents.
   Big, fiery blades are also staple armaments of hydra-hunters.
   It affects your intelligence (+2).
   It renders you almost immune to cold.
   It protects you from negative energy.
   It may make noises in combat.
Missiles
 g - 948 stones (quivered)
Armour
 x - a +0 cloak of poison resistance
 A - a +2 pair of gloves (worn)
 G - a +2 robe of magic resistance (worn)
 L - a +2 helmet of intelligence (worn)
 N - the +1 robe "Aplotytt" {rF++ Dex+2 SInv}
   (You bought it in a shop on level 4 of the Orcish Mines)

   It affects your dexterity (+2).
   It greatly protects you from fire.
   It lets you see invisible.
 V - a +2 cloak (worn)
 W - a +2 pair of boots (worn)
Magical Staves
 a - an uncursed staff of cold
Jewellery
 u - an uncursed ring of protection from fire
 z - a +4 ring of evasion (left hand)
 D - an uncursed ring of protection from cold
 F - the ring "Buvvalol" {Fire MR+ SInv}
   (You found it on level 4 of the Dungeon)

   [ring of fire]

   It enhances your fire magic, and weakens your ice magic.
   It protects you from fire.
   It makes you vulnerable to cold.
   It affects your resistance to hostile enchantments.
   It lets you see invisible.
 K - an uncursed ring of flight
 Q - an uncursed ring of ice
 R - an uncursed ring of positive energy
 S - a ring of poison resistance (right hand)
Wands
 h - a wand of fire (8)
 I - a wand of digging (19)
 T - a wand of digging (14)
Scrolls
 d - 15 scrolls of magic mapping
 i - 10 scrolls of amnesia
 j - 10 scrolls of fog
 o - 2 scrolls of teleportation
 p - 6 scrolls of enchant weapon
 q - 8 scrolls of recharging
 s - 2 scrolls of blinking
 B - 13 scrolls of remove curse
 J - 5 scrolls of fear
 X - a scroll of enchant armour
Potions
 e - 5 potions of lignification
 f - 2 potions of agility
 l - 2 potions of brilliance
 n - a potion of invisibility
 r - a potion of resistance
 t - a potion of mutation {unknown}
 v - 6 potions of curing
 w - 4 potions of flight
 C - a potion of cancellation
 H - 3 potions of magic
 O - 3 potions of might
Books
 E - a book of the Dragon

   Spells                             Type                      Level
   a - Flame Tongue                   Conjuration/Fire             1
   b - Cause Fear                     Hexes                        4
   c - Bolt of Fire                   Conjuration/Fire             6
   d - Dragon Form                    Transmutation                7
   e - Dragon's Call                  Summoning                    9
 Z - a Necronomicon

   Spells                             Type                      Level
   a - Haunt                          Necromancy/Summoning         7
   b - Borgnjor's Revivification      Necromancy                   8
   c - Death's Door                   Charms/Necromancy            8
   d - Necromutation                  Transmutation/Necromancy     8
Miscellaneous
 k - a lamp of fire
 M - a fan of gales
Comestibles
 c - 17 bread rations
 P - 16 fruits


   Skills:
 - Level 7.5 Fighting
 * Level 2.4 Staves
 - Level 15.3 Dodging
 - Level 2.4 Stealth
 - Level 13.0 Spellcasting
 - Level 19.7 Conjurations
 - Level 5.3 Charms
 - Level 20.0 Ice Magic
 - Level 13.1 Invocations
 * Level 2.6 Evocations


You had 8 spell levels left.
You knew the following spells:

 Your Spells              Type           Power        Failure   Level  Hunger
a - Poison Arrow          Conj/Pois      #######...   2%          6    None
c - Throw Icicle          Conj/Ice       ########     0%          4    None
f - Bolt of Fire          Conj/Fire      #######...   2%          6    None
p - Apportation           Tloc           ####......   1%          1    None
s - Glaciate              Conj/Ice       ########..   24%         9    #######
B - Blink                 Tloc           N/A          1%          2    None
M - Repel Missiles        Chrm/Air       ######       1%          2    None
O - Ozocubu's Armour      Chrm/Ice       #######.     1%          3    None
R - Regeneration          Chrm/Necr      ######....   1%          3    None


Dungeon Overview and Level Annotations

Branches:
Dungeon (15/15)            Temple (1/1) D:7            Lair (8/8) D:11
 Shoals (4/4) Lair:3       Spider (4/4) Lair:5        Slime (0/6) Lair:7
    Orc (4/4) D:11            Elf (0/3) Orc:4        Vaults (0/5) D:14
 Depths (0/5) D:15

Altars:
Ashenzari
Cheibriados
Dithmenos
Elyvilon
Gozag
Kikubaaqudgha
Makhleb
Nemelex Xobeh
Okawaru
Qazlal
Ru
Sif Muna
Trog
Vehumet
Xom
Yredelemnul
Zin
The Shining One
Beogh

Shops:
D:11 [   D:15 (   Orc:2 %   Orc:4 }([   Shoals:4 [((

Portals:
Hell: Lair:8

Annotations:
D:8 exclusion: 2 doors
D:10 Nergalle
Shoals:4 Ilsuiw


Innate Abilities, Weirdness & Mutations

You possess an exceptional clarity of mind.
Your mind is acute. (Int +2)


Message History

You feel better. The merfolk completely misses you.
The merfolk completely misses you.
Drink which item? (? for menu, Esc to quit)
Okay, then.
Unknown command.
Unknown command.
Unknown command.
Unknown command.
Unknown command.
Unknown command.
Unknown command.
Unknown command.
Drink which item? (? for menu, Esc to quit)
Okay, then.
Unknown command.
You can feel time thicken for a moment.
You feel somewhat more hungry.
You can no longer step out of the time flow.
Cheibriados reduces the support of your attributes as your movement quickens.
The merfolk hits you with a trident!
You die...

....≈≈
....≈≈
≈≈≈≈
.....≈
≈≈≈≈
....≈≈
≈....
....≈≈
...
.(..≈≈
...
≈≈≈≈≈≈
##'#
≈≈≈≈≈≈
##...##
≈≈≈≈≈.
#...m@#
≈≈≈...
#..}.m#
≈≈≈≈≈...
#.....#
≈≈≈≈?...
##...##
≈≈≈≈≈.≈
≈#####.
≈≈≈≈≈#
≈≈....≈
≈≈≈≈#
≈≈.....
#≈≈≈#
≈..m...
#≈.≈#
≈.)....


You could see 2 merfolk.

Vanquished Creatures
  Nikola (Shoals:4)
  Jorgrun (Shoals:4)
  2 krakens
  The ghost of 4thArraOfDagon the Bludgeoner, a journeyman OgHu of Cheibriados (Spider:2)
  7 ghost moths
  The ghost of brucemayne the Executioner, a journeyman HOBe of Trog (Spider:4)
  Louise (Spider:1)
  7 emperor scorpions
  Snorg (Lair:7)
  6 merfolk javelineers
  8 vault guards (D:14)
  7 merfolk impalers
  Josephine (Orc:2)
  16 hydras
  4 entropy weavers
  An ice dragon (Lair:7)
  A hell beast (Lair:8)
  Erolcha (D:10)
  4 catoblepae
  6 merfolk avatars
  Erica (D:9)
  3 merfolk aquamancers
  3 alligator snapping turtles
  3 centaur warriors (D:15)
  An anaconda (shapeshifter) (D:15)
  2 satyrs
  15 death yaks
  A queen ant (Lair:8)
  6 orc high priests (Orc:4)
  A tengu warrior (D:13)
  Sonja (Orc:2)
  6 slime creatures
  2 unseen horrors
  12 sea snakes
  A fire crab (Lair:8)
  12 harpies
  4 lindwurms (Lair:7)
  A necromancer (Spider:3)
  10 orc knights (Orc:4)
  3 hill giants
  13 orb spiders
  11 hornets
  14 cyclopes
  2 wizards
  32 wolf spiders
  9 manticores
  12 ugly things
  4 fauns
  12 griffons
  8 elephants
  7 sirens
  A salamander (D:15)
  4 moths of wrath
  A centaur zombie (D:15)
  Maurice (D:11)
  3 water nymphs
  Joseph (D:8)
  7 black mambas
  3 torpor snails
  3 orange demons (Lair:8)
  16 spiny frogs
  Psyche (D:8)
  3 gargoyles
  15 demonic crawlers
  A hellwing (Lair:8)
  13 komodo dragons
  A tengu conjurer (D:12)
  5 fire drakes
  4 red devils (Lair:8)
  A polar bear (Lair:5)
  36 jumping spiders
  A queen bee (shapeshifter) (D:15)
  30 merfolk
  4 wind drakes
  A freezing wraith (D:15)
  26 blink frogs
  3 boulder beetles
  7 trolls
  5 two-headed ogres
  2 blue devils (Lair:8)
  A spriggan (D:9)
  13 snapping turtles
  22 tarantellas
  36 redbacks
  10 water elementals
  A shadow (D:11)
  4 wraiths (Orc:2)
  29 trapdoor spiders
  A human (shapeshifter) (D:13)
  2 wyverns
  13 hippogriffs
  4 basilisks
  A steam dragon (D:11)
  79 yaks
  23 wolves
  The ghost of patman the Ducker, an amateur OpAs of Okawaru (D:3)
  3 wargs
  A hungry ghost (D:9)
  5 vampire mosquitoes
  32 water moccasins
  8 sky beasts
  A hell hound (Lair:8)
  10 soldier ants
  25 spiders
  A black bear (D:9)
  11 ice beasts
  38 orc warriors
  16 centaurs
  13 porcupines
  3 boggarts (D:11)
  A necrophage (D:12)
  3 phantoms
  3 wasps
  15 ogres
  14 crocodiles
  A big kobold (Sewer)
  24 giant frogs
  A wyvern skeleton (D:7)
  3 killer bees (D:13)
  2 scorpions
  An electric eel (Lair:6)
  10 wights
  6 crimson imps
  2 giant frog zombies
  11 hounds
  A wasp zombie (D:13)
  47 orc priests
  5 centaur skeletons
  3 giant frog skeletons
  6 jellies
  14 iguanas
  35 orc wizards
  36 worker ants
  30 sheep
  A killer bee zombie (D:8)
  A hound zombie (D:9)
  3 hound skeletons
  8 gnolls
  A worker ant zombie (D:5)
  93 river rats
  7 adders
  2 shadow imps
  An ooze (D:2)
  2 adder skeletons
  2 worms
  8 giant geckos
  216 orcs
  2 ball pythons
  A bat (D:2)
  5 giant cockroaches
  8 hobgoblins
  15 jackals
  8 kobolds
  4 quokkas
  6 giant newts
  10 goblins
  3 quokka skeletons
  7 rats
  A fungus (Lair:7)
  12 plants
  5 tentacles
1601 creatures vanquished.

Vanquished Creatures (collateral kills)
  An orc warrior (D:14)
  An orc (D:14)
2 creatures vanquished.

Vanquished Creatures (others)
  Fannar (D:10)
  A tarantella (Spider:4)
  A yak (Lair:8)
  3 orcs
  A giant cockroach (D:2)
  A bush (Lair:8)
  34 fungi
  50 plants
  9 tentacles (Shoals:3)
  658 tentacle segments
759 creatures vanquished.

Grand Total: 2362 creatures vanquished

Notes
Turn   | Place    | Note
--------------------------------------------------------------
     0 | D:1      | patman the Deep Elf Ice Elementalist began the quest for the Orb.
     0 | D:1      | Reached XP level 1. HP: 10/10 MP: 6/6
   294 | D:1      | Reached skill level 4 in Ice Magic
   294 | D:1      | Reached XP level 2. HP: 7/15 MP: 4/8
  1239 | D:2      | Found a bloodstained altar of Trog.
  1286 | D:2      | Reached XP level 3. HP: 17/19 MP: 7/9
  1317 | D:2      | Found a stormy altar of Qazlal.
  1421 | D:2      | Learned a level 3 spell: Ozocubu's Armour
  1821 | D:2      | Reached skill level 5 in Ice Magic
  2046 | D:3      | Noticed patman's ghost (amateur OpAs)
  2053 | D:3      | Killed patman's ghost
  2053 | D:3      | Reached skill level 6 in Ice Magic
  2053 | D:3      | Reached XP level 4. HP: 20/24 MP: 1/10
  2053 | D:3      | Reached XP level 5. HP: 23/28 MP: 1/11
  2138 | D:3      | Learned a level 4 spell: Throw Icicle
  2256 | D:3      | Found an opulent altar of Gozag.
  2318 | D:3      | Found a glowing drain.
  2349 | Sewer    | Entered a sewer
  2432 | Sewer    | Reached XP level 6. HP: 27/32 MP: 4/12
  2608 | Sewer    | Found a white marble altar of Elyvilon.
  3346 | D:4      | Got a fine amber ring
  3347 | D:4      | Identified the ring "Buvvalol" {Fire MR+ SInv} (You found it on level 4 of the Dungeon)
  3709 | D:4      | Reached skill level 5 in Conjurations
  4058 | D:3      | Reached skill level 1 in Charms
  4331 | D:5      | Entered Level 5 of the Dungeon
  4586 | D:5      | Reached XP level 7. HP: 36/36 MP: 7/13
  5100 | D:5      | Reached skill level 7 in Ice Magic
  5548 | D:5      | Reached skill level 5 in Charms
  6788 | D:5      | Reached skill level 8 in Ice Magic
  6788 | D:5      | Reached XP level 8. HP: 6/41 MP: 2/14
  7213 | D:6      | Found a sacrificial altar of Ru.
  7294 | D:6      | Found a shimmering altar of Xom.
  7607 | D:6      | Found a sparkling altar of Nemelex Xobeh.
  7652 | D:6      | Reached skill level 5 in Spellcasting
  9139 | D:7      | Reached XP level 9. HP: 25/45 MP: 18/21
  9278 | D:7      | Found a staircase to the Ecumenical Temple.
  9287 | Temple   | Entered the Ecumenical Temple
  9377 | Temple   | Became a worshipper of Cheibriados the Contemplative
  9781 | D:8      | Noticed Joseph
 10097 | D:8      | Reached skill level 5 in Dodging
 10233 | D:8      | Noticed a brown ugly thing
 10288 | D:8      | Reached * piety under Cheibriados
 10492 | D:8      | Killed Joseph
 10709 | D:8      | Found a white marble altar of Elyvilon.
 10709 | D:8      | Found a sparkling altar of Nemelex Xobeh.
 10843 | D:8      | Noticed Psyche
 10846 | D:8      | Killed Psyche
 11384 | D:8      | Noticed a cyclops
 11414 | D:8      | Reached skill level 9 in Dodging
 11542 | D:9      | Reached ** piety under Cheibriados
 11738 | D:9      | Noticed Erica
 11809 | D:9      | Killed Erica
 11809 | D:9      | Reached skill level 10 in Dodging
 11809 | D:9      | Reached XP level 10. HP: 35/50 MP: 6/22
 11995 | D:9      | Reached skill level 11 in Dodging
 12477 | D:10     | Entered Level 10 of the Dungeon
 12524 | D:10     | Noticed Fannar
 12637 | D:10     | Killed Fannar
 12637 | D:10     | Reached skill level 12 in Dodging
 12895 | D:10     | Reached *** piety under Cheibriados
 12926 | D:10     | Reached skill level 13 in Dodging
 12941 | D:10     | Noticed Erolcha
 12945 | D:10     | Killed Erolcha
 13017 | D:10     | Noticed a red ugly thing
 13023 | D:10     | Killed a red ugly thing
 13023 | D:10     | Reached skill level 14 in Dodging
 13386 | D:10     | Reached skill level 1 in Fighting
 13386 | D:10     | Reached XP level 11. HP: 53/56 MP: 18/23
 13448 | D:10     | Noticed Nergalle
 13598 | D:11     | Noticed Maurice
 13633 | D:11     | Killed Maurice
 13754 | D:11     | Reached **** piety under Cheibriados
 13844 | D:11     | Found Toadghus's Armour Emporium.
 13924 | D:11     | Found a burning altar of Makhleb.
 13924 | D:11     | Noticed a green death
 13992 | D:11     | Found a staircase to the Orcish Mines.
 14259 | D:11     | Noticed a seven-headed hydra
 14281 | D:11     | Killed a seven-headed hydra
 14433 | D:11     | Reached skill level 5 in Fighting
 14692 | D:11     | Reached ***** piety under Cheibriados
 14877 | D:11     | Upgraded the game from 0.17-a0-2073-gde5cdba to 0.17-a0-2093-gc772f4b
 14879 | D:11     | Reached skill level 1 in Invocations
 15400 | D:11     | Reached skill level 5 in Invocations
 15539 | D:11     | Noticed a four-headed hydra
 15546 | D:11     | Killed a four-headed hydra
 15730 | D:11     | Found a staircase to the Lair.
 15827 | Lair:1   | Entered Level 1 of the Lair of Beasts
 15978 | Lair:1   | Reached XP level 12. HP: 66/68 MP: 5/24
 16684 | Lair:1   | Learned a level 2 spell: Repel Missiles
 17110 | Lair:2   | Noticed a six-headed hydra
 17117 | Lair:2   | Killed a six-headed hydra
 17117 | Lair:2   | Reached skill level 10 in Invocations
 17670 | Lair:2   | Noticed a seven-headed hydra
 17675 | Lair:2   | Killed a seven-headed hydra
 18003 | Lair:2   | Reached ****** piety under Cheibriados
 19000 | Lair:3   | Found a staircase to the Shoals.
 19365 | Lair:3   | Noticed a six-headed hydra
 19370 | Lair:3   | Killed a six-headed hydra
 20344 | Lair:4   | Reached XP level 13. HP: 74/74 MP: 16/25
 22101 | Lair:5   | Reached skill level 15 in Dodging
 22388 | Lair:5   | Found a hole to the Spider Nest.
 23371 | Lair:6   | Found a snail-covered altar of Cheibriados.
 24201 | Lair:7   | Got a scorched glaive
 24217 | Lair:7   | Found a frozen archway.
 24357 | IceCv    | Entered an ice cave
 24373 | IceCv    | Identified the cursed +2 glaive "Zeclilia" {chop, Int+6} (You found it on level 7 of the Lair of Beasts)
 24438 | Lair:7   | Noticed Snorg
 24446 | Lair:7   | Killed Snorg
 24493 | Lair:7   | Found a staircase to the Slime Pits.
 24574 | Lair:7   | Learned a level 1 spell: Apportation
 24595 | Lair:7   | Reached skill level 10 in Ice Magic
 24639 | Lair:7   | Reached XP level 14. HP: 35/82 MP: 0/26
 24962 | Lair:7   | Reached skill level 10 in Conjurations
 25417 | Lair:7   | Learned a level 3 spell: Regeneration
 25419 | Lair:7   | Got an encrusted war axe
 25426 | Lair:8   | Entered Level 8 of the Lair of Beasts
 28045 | Lair:8   | Identified the +11 war axe of Income {elec, rC+} (You found it on level 7 of the Lair of Beasts)
 28720 | Lair:8   | Found a burning altar of Makhleb.
 28728 | Lair:8   | Reached XP level 15. HP: 41/86 MP: 6/27
 28961 | Lair:8   | Found a gateway to Hell.
 30612 | Orc:1    | Entered Level 1 of the Orcish Mines
 31095 | Orc:1    | Found a roughly hewn altar of Beogh.
 31482 | Orc:2    | Noticed Sonja
 31487 | Orc:2    | Killed Sonja
 31529 | Orc:2    | Noticed Josephine
 31538 | Orc:2    | Killed Josephine
 31549 | Orc:2    | Found Hohuurhoa's Food Boutique.
 31993 | Orc:4    | Entered Level 4 of the Orcish Mines
 32319 | Orc:4    | Found a staircase to the Elven Halls.
 33462 | Orc:4    | Reached skill level 15 in Ice Magic
 33873 | Orc:4    | Found Buliumy's Antique Armour Shop.
 33875 | Orc:4    | Found Guggewur's Gadget Boutique.
 33875 | Orc:4    | Found Epreth's Antique Weapon Shop.
 33876 | Orc:4    | Found Dixa's Magic Scroll Shop.
 33888 | Orc:4    | Bought a smoking robe for 142 gold pieces
 33898 | Orc:4    | Identified the +1 robe "Aplotytt" {rF++ Dex+2 SInv} (You bought it in a shop on level 4 of the Orcish Mines)
 33898 | Orc:4    | Upgraded the game from 0.17-a0-2093-gc772f4b to 0.17-a0-2098-gf59d6bc
 33898 | Orc:4    | Bought a shiny helmet for 112 gold pieces
 33923 | Orc:4    | Bought a scroll of enchant weapon for 82 gold pieces
 33923 | Orc:4    | Bought a scroll of fog for 22 gold pieces
 33923 | Orc:4    | Bought a scroll of teleportation for 33 gold pieces
 33923 | Orc:4    | Bought a scroll of blinking for 82 gold pieces
 33923 | Orc:4    | Bought a scroll of identify for 22 gold pieces
 33923 | Orc:4    | Bought a scroll of magic mapping for 38 gold pieces
 33923 | Orc:4    | Bought a scroll of identify for 22 gold pieces
 33923 | Orc:4    | Bought a scroll of enchant armour for 82 gold pieces
 33923 | Orc:4    | Bought 3 scrolls of magic mapping for 115 gold pieces
 33923 | Orc:4    | Bought a scroll of recharging for 104 gold pieces
 33923 | Orc:4    | Bought a scroll of recharging for 104 gold pieces
 33926 | Orc:4    | Bought a shimmering great sword for 356 gold pieces
 33926 | Orc:4    | Identified the +5 great sword of the Undead {flame, *Noise rC+++ rN+ Int+2} (You bought it in a shop on level 4 of the Orcish Mines)
 33927 | Orc:4    | Bought a brightly glowing great sword for 356 gold pieces
 33942 | Orc:4    | Identified the +5 great sword of the Eternal Warrior {slice, rElec Int+4 Dex-2} (You bought it in a shop on level 4 of the Orcish Mines)
 35603 | D:13     | Gained mutation: You possess an exceptional clarity of mind. [potion of beneficial mutation]
 35604 | D:13     | Gained mutation: Your mind is acute. (Int +2) [potion of beneficial mutation]
 35619 | D:13     | Found a bloodstained altar of Trog.
 35659 | D:13     | Noticed a hill giant
 36032 | D:13     | Reached skill level 15 in Conjurations
 36370 | D:13     | Reached XP level 16. HP: 92/92 MP: 21/28
 36436 | D:14     | Found a gate to the Vaults.
 36465 | D:14     | Reached skill level 16 in Ice Magic
 37211 | D:14     | Found a shadowy altar of Dithmenos.
 37577 | D:15     | Entered Level 15 of the Dungeon
 37616 | D:15     | Killed a hill giant
 37676 | D:15     | Found Ovvi's Weapon Boutique.
 37786 | D:15     | Found a staircase to the Depths.
 39292 | Spider:1 | Entered Level 1 of the Spider Nest
 39978 | Spider:1 | Got a bone scimitar
 39982 | Spider:1 | Identified the +7 scimitar "Beafeu" {vamp, Dex+4} (You found it on level 1 of the Spider Nest)
 40020 | Spider:1 | Found a roughly hewn altar of Beogh.
 40416 | Spider:1 | Noticed Louise
 40434 | Spider:1 | Killed Louise
 40434 | Spider:1 | Reached skill level 17 in Ice Magic
 41091 | Spider:2 | Noticed 4thArraOfDagon's ghost (journeyman OgHu)
 41204 | Spider:2 | You fall through a shaft!
 41904 | Spider:3 | HP: 4/92 [poisoned by a redback]
 42222 | Spider:3 | Upgraded the game from 0.17-a0-2098-gf59d6bc to 0.17-a0-2101-g0c122e7
 42883 | Spider:3 | Reached XP level 17. HP: 87/96 MP: 24/29
 42894 | Spider:3 | Learned a level 9 spell: Glaciate
 43059 | Spider:4 | Entered Level 4 of the Spider Nest
 43063 | Spider:4 | Noticed brucemayne's ghost (journeyman HOBe)
 43105 | Spider:2 | Killed 4thArraOfDagon's ghost
 45099 | Spider:2 | Reached skill level 18 in Ice Magic
 45493 | Shoals:1 | Entered Level 1 of the Shoals
 45942 | Shoals:1 | Upgraded the game from 0.17-a0-2101-g0c122e7 to 0.17-a0-2118-g63bad21
 47410 | Spider:4 | Killed brucemayne's ghost
 48690 | Spider:4 | Upgraded the game from 0.17-a0-2118-g63bad21 to 0.17-a0-2127-g1cb09f6
 48906 | Spider:4 | Upgraded the game from 0.17-a0-2127-g1cb09f6 to 0.17-a0-2171-ga91b4ec
 49202 | Spider:4 | Reached skill level 19 in Ice Magic
 49612 | Spider:4 | Reached XP level 18. HP: 23/101 MP: 26/30
 50141 | Spider:4 | Got a gossamer rune of Zot
 52789 | Shoals:2 | Reached skill level 20 in Ice Magic
 53387 | Shoals:2 | Learned a level 6 spell: Poison Arrow
 54456 | Shoals:3 | Learned a level 6 spell: Bolt of Fire
 54716 | Shoals:3 | Reached skill level 10 in Spellcasting
 54774 | Shoals:4 | Entered Level 4 of the Shoals
 54774 | Shoals:4 | Noticed Nikola
 54869 | Shoals:4 | Killed Nikola
 55255 | Shoals:4 | Got a barnacled rune of Zot
 55408 | Shoals:4 | Found Vyot's Antique Armour Shop.
 55643 | Shoals:4 | Found Dirch's Antique Weapon Emporium.
 55673 | Shoals:4 | Upgraded the game from 0.17-a0-2171-ga91b4ec to 0.17-a0-2208-ge5ab1d3
 55714 | Shoals:4 | Identified the Reference Book on the Compass (You found it on level 4 of the Shoals)
 55720 | Shoals:4 | Learned a level 2 spell: Blink
 55987 | Shoals:4 | Found Fitus's Weapon Boutique.
 56164 | Shoals:4 | Reached XP level 19. HP: 106/106 MP: 6/37
 56399 | Shoals:4 | Reached skill level 1 in Evocations
 56401 | Shoals:4 | Noticed Jorgrun
 56411 | Shoals:4 | Killed Jorgrun
 56411 | Shoals:4 | Reached skill level 1 in Staves
 56579 | Shoals:4 | Noticed Ilsuiw
 56612 | Shoals:4 | HP: 5/106 [merfolk/trident (19)]
 56614 | Shoals:4 | Slain by a merfolk

Vault maps used:
D:1:      dpeg_arrival_boxes_within_box
D:2:      lemuel_doored_altar, first_bread, trog_book
D:3:      grunt_gozag_statues, portal_sewer_entry_a
D:6:      nicolae_ru_awakened_eye, kennysheep_mini_moat, basic_altar
D:7:      minmay_temple_entry_mist
D:8:      amethyst_overflow_temple_binary, kennysheep_mini, minmay_evil_grid,
          uniq_psyche, uniq_joseph
D:9:      the_bakery, uniq_erica
D:10:     lemuel_old_faithful, uniq_erolcha, uniq_fannar, uniq_nergalle
D:11:     erik_lair_dragon, orc_0_dummy, serial_shops,
          nicolae_shop_temple_entry_statues_fountains,
          makhleb_altar_promises_db, uniq_maurice
D:12:     statue_in_the_mist_lemuel
D:13:     basic_altar
D:14:     erik_vaults_2, grunt_dithmenos_smoke
D:15:     hangedman_depths_entry_try_elsewhere_first, hex_tiny, serial_shops,
          shop
Temple:   circular_temple_12
Lair:2:   bh_autumn_forest_stairs
Lair:3:   minmay_shoals_entry_centaurs, nicolae_quartered_pool_super,
          minmay_holes, minivault_24
Lair:5:   spider_nest_entry_web_field
Lair:6:   basic_altar, serial_bayou_shore_a
Lair:7:   slime_dummy, portal_ice_cave_entry_dragon, minmay_lindwurm_lava,
          uniq_snorg
Lair:8:   evil_forest, minmay_another_anthill
Shoals:1: st_cyclops
Shoals:2: hangedman_shoals_cup_caves
Shoals:4: serial_shops, shop, nicolae_shop_crystal, shop, nicolae_shop_trees,
          shoals_end_simple, shoal_ilsuiw, uniq_donald, uniq_ilsuiw,
          uniq_polyphemus, uniq_jorgrun, uniq_nikola
Spider:1: nicolae_spider_mines_2, hangedman_spider_tarantella_strand,
          uniq_louise
Spider:3: cheibrodos_spider_creepycove
Spider:4: grunt_spider_rune_parallel
Orc:1:    basic_altar, nicolae_orc_sculptors_studio, lightli_orcish_oven
Orc:2:    serial_shops, nicolae_shop_stone, uniq_sonja, uniq_josephine
Orc:3:    nicolae_orc_pool_cavern
Orc:4:    st_orc_pillars, nicolae_orc_tapped_out
Sewer:    sewer_kobolds
IceCv:    ice_cave_statue_garden_01

Action                   |  1- 3 |  4- 6 |  7- 9 | 10-12 | 13-15 | 16-18 | 19-21 || total
-------------------------+-------+-------+-------+-------+-------+-------+-------++-------
Melee: Short sword       |    19 |     1 |       |       |       |       |       ||    20
       Whip              |       |    56 |   300 |   385 |   768 |       |       ||  1509
       War axe           |       |       |       |       |   721 |  1277 |    24 ||  2022
       Staff             |       |       |       |       |       |       |    28 ||    28
Throw: Stone             |       |       |     2 |     1 |     5 |    11 |       ||    19
 Cast: Freeze            |    51 |    37 |    97 |   298 |   154 |     8 |       ||   645
       Ozocubu's Armour  |     2 |    11 |    37 |    72 |   146 |   186 |     6 ||   460
       Throw Icicle      |       |     5 |    59 |   123 |   193 |   310 |     3 ||   693
       Repel Missiles    |       |       |       |     1 |       |     3 |       ||     4
       Regeneration      |       |       |       |       |       |    15 |       ||    15
       Poison Arrow      |       |       |       |       |       |    46 |     7 ||    53
       Bolt of Fire      |       |       |       |       |       |     2 |     4 ||     6
       Apportation       |       |       |       |       |       |     2 |     1 ||     3
Invok: Slouch            |       |       |       |     4 |    35 |    27 |     3 ||    69
       Bend Time         |       |       |       |     1 |       |       |       ||     1
Evoke: Wand              |       |       |       |     5 |    10 |     2 |       ||    17
       Lamp of fire      |       |       |       |       |       |     1 |       ||     1
  Use: Scroll            |     5 |     1 |     9 |     8 |    21 |    19 |     1 ||    64
       Potion            |       |       |     2 |       |     8 |     9 |     5 ||    24
 Stab: Sleeping          |       |     4 |     4 |     5 |    25 |     9 |       ||    47
       Distracted        |       |       |       |     2 |     1 |     2 |       ||     5
       Petrified         |       |       |       |       |     2 |       |       ||     2
       Invisible         |       |       |       |       |       |       |     6 ||     6
  Eat: Chunk             |     3 |     9 |     9 |     5 |       |     2 |       ||    28
       Meat ration       |       |       |     4 |     1 |     5 |     5 |       ||    15
       Beef jerky        |       |       |     2 |     2 |     1 |     1 |       ||     6
       Pizza             |       |       |       |     1 |     1 |     5 |       ||     7
       Royal jelly       |       |       |       |     1 |     1 |       |       ||     2
       Bread ration      |       |       |       |       |       |     2 |       ||     2
